 Dungeon Crawl Stone Soup version 0.21.1-1-g345015f (webtiles) character file.

119 letownia2 the Poker (level 5, -2/57 HPs)
             Began as a Merfolk Skald on Mar 12, 2018.
             Was an Initiate of Cheibriados.
             Slain by Pikel
             ... wielding a +1 whip of electrocution
              (13 damage)
             ... on level 4 of the Dungeon.
             The game lasted 00:09:43 (1001 turns).

letownia2 the Poker (Merfolk Skald)                 Turns: 1001, Time: 00:09:43

Health: -2/57      AC: 22    Str: 13    XL:     5   Next: 3%
Magic:  1/8        EV:  2    Int: 14    God:    Cheibriados [......]
Gold:   100        SH:  0    Dex: 14    Spells: 2/8 levels left

rFire    . . .     SeeInvis .   a - +0 spear
rCold    . . .     Gourm    .   (no shield)
rNeg     + + +     Faith    .   (armour currently unavailable)
rPois    +         Spirit   .   (helmet currently unavailable)
rElec    .         Reflect  .   (cloak currently unavailable)
rCorr    .         Harm     +   (gloves currently unavailable)
MR       .....     NoTele   +   (boots currently unavailable)
Stlth    +.........             h - amulet of harm
HPRegen  0.19/turn              e - ring of teleportation (curse)
MPRegen  0.11/turn              (no ring)

@: tree-form, very slightly contaminated, very slow
A: (change form in water), (swift swim), (stealthy swim)
a: Bend Time, Renounce Religion


You were on level 4 of the Dungeon.
You worshipped Cheibriados.
Cheibriados was noncommittal.
You were not hungry.
You were a tree.
You visited 1 branch of the dungeon, and saw 4 of its levels.

You collected 100 gold pieces.

Inventory:

Hand Weapons
 a - a +0 spear (weapon)
Armour
 b - a +0 leather armour (melded)
 g - a +0 leather armour
 j - a +0 chain mail
 l - a +1 helmet (melded)
 n - a +0 ring mail
Jewellery
 e - a cursed ring of teleportation (left branch)
 h - an amulet of harm (around neck)
Scrolls
 p - a scroll of teleportation
Potions
 f - 2 potions of invisibility {unknown}
 i - a potion of lignification
 k - a potion of brilliance {unknown}
 m - a potion of agility {unknown}
 o - 2 potions of berserk rage {unknown}
 q - a potion of curing {unknown}
Books
 c - a book of Battle

   Spells                             Type                      Level
   a - Infusion                       Charms                       1
   b - Shroud of Golubria             Charms/Translocation         2
   c - Song of Slaying                Charms                       2
   d - Spectral Weapon                Hexes/Charms                 3
   e - Regeneration                   Charms/Necromancy            3
Comestibles
 d - 5 rations


   Skills:
 - Level 2.1 Fighting
 + Level 6.3 Polearms
 - Level 0.6 Armour
 - Level 2.6 Dodging
 - Level 2.0 Spellcasting
 + Level 0.0 Hexes
 - Level 3.8 Charms
 - Level 1.0 Translocations


You had 2 spell levels left.
You knew the following spells:

 Your Spells              Type           Power        Failure   Level  Hunger
a - Infusion              Chrm           ##..         4%          1    ##.....
t - Shroud of Golubria    Chrm/Tloc      #.........   13%         2    ###....
x - Spectral Weapon       Hex/Chrm       #.......     32%         3    ####...


Dungeon Overview and Level Annotations

Branches:
Dungeon (4/15)
 Temple: D:4-7

Altars:
Ashenzari
Cheibriados
Uskayaw

Annotations:
D:4 Pikel


Message History

You hit Pikel but do no damage. You barely miss Pikel.
Pikel hits you but does no damage.
You are electrocuted!
You hit Pikel but do no damage. Pikel hits you but does no damage.
Unknown command.
You barely miss Pikel. Pikel barely misses you.
You hit Pikel.
Pikel is lightly wounded.
Pikel hits you but does no damage.
Unknown command.
You puncture Pikel!
Pikel is moderately wounded.
You hit Pikel.
Pikel is heavily wounded.
Pikel hits you but does no damage.
You are electrocuted!
* * * LOW HITPOINT WARNING * * *
Unknown command.
You barely miss Pikel.
Pikel is heavily wounded.
Pikel hits you but does no damage.
You are electrocuted!
You die...

#...#.....#.......#
#...'.....#.......#
#...#.....#.......#
#...#.....#.......#
#..##.....#####..##
#+###..#####...#.#.#<#.
#.......# #...........
#.......# #...#.#)#.#.
######♣## ##...........
#...##K##..#####.#.#.#.
#....ppp...............
#...(.p........#.#.#.#.
#...##'######+##.......
#... ... ........ ###
#.... #..... #......


You could see Pikel and 4 slaves.

Vanquished Creatures
  A scorpion (D:4)
  2 adders
  A worm (D:2)
  2 dart slugs (D:2)
  A leopard gecko (D:1)
  An orc (D:4)
  4 bats
  3 hobgoblins (D:2)
  4 jackals (D:3)
  5 kobolds (D:2)
  4 quokkas
  2 ball pythons (D:2)
  A frilled lizard (D:2)
  5 goblins
  6 rats
42 creatures vanquished.

Vanquished Creatures (others)
  3 plants (D:2)
3 creatures vanquished.

Grand Total: 45 creatures vanquished

Notes
Turn   | Place    | Note
-------+----------+-------------------------------------------
     0 | D:1      | letownia2 the Merfolk Skald began the quest for the Orb.
     0 | D:1      | Reached XP level 1. HP: 16/16 MP: 3/3
   128 | D:2      | Found a shattered altar of Ashenzari.
   165 | D:2      | Found a snail-covered altar of Cheibriados.
   170 | D:2      | Reached skill level 4 in Polearms
   170 | D:2      | Reached XP level 2. HP: 10/22 MP: 0/5
   220 | D:2      | Learned a level 2 spell: Shroud of Golubria
   435 | D:2      | Reached XP level 3. HP: 18/27 MP: 0/6
   562 | D:2      | Reached skill level 1 in Translocations
   607 | D:2      | Reached skill level 5 in Polearms
   621 | D:2      | Became a worshipper of Cheibriados the Contemplative
   652 | D:3      | Found a hide-covered altar of Uskayaw.
   757 | D:3      | Reached XP level 4. HP: 19/33 MP: 4/7
   762 | D:3      | Learned a level 3 spell: Spectral Weapon
   921 | D:4      | Reached skill level 6 in Polearms
   921 | D:4      | Reached XP level 5. HP: 16/38 MP: 1/8
   984 | D:4      | Noticed Pikel
   984 | D:4      | Noticed a slave
   984 | D:4      | Noticed a slave
   984 | D:4      | Noticed a slave
   984 | D:4      | Noticed a slave
  1001 | D:4      | Slain by Pikel

Skill      XL: |  1  2  3  4 |
---------------+-------------+-----
Polearms       | 4 5 6 |  6.3
Translocations | 1 |  1.0
Fighting       | |  2.1
Armour         | |  0.6
Dodging        | |  2.6
Spellcasting   | |  2.0
Charms         | |  3.8

Action                   |  1- 3 |  4- 6 || total
-------------------------+-------+-------++-------
Melee: Spear             |   166 |    27 ||   193
 Cast: Infusion          |     8 |       ||     8
       Shroud of Golubri |    10 |     5 ||    15
       Spectral Weapon   |       |     1 ||     1
  Use: Scroll            |     4 |     2 ||     6
       Potion            |       |     1 ||     1
 Stab: Sleeping          |     1 |       ||     1
  Eat: Chunk             |     1 |     2 ||     3
Armor: Leather armour    |    28 |     3 ||    31
       Skin              |       |     8 ||     8
Dodge: Dodged            |    80 |     5 ||    85
